 Dungeon Crawl Stone Soup version 0.27-a0-824-gca8104f8d5 (webtiles) character file.

Game seed: 3101041322903548844

10318 Hot the Covert (level 11, -13/42 HPs)
             Began as a Felid Conjurer on Mar 29, 2021.
             Was a Believer of Sif Muna.
             Mangled by a shock serpent (17 damage)
             ... on level 1 of the Snake Pit on Mar 30, 2021.
             The game lasted 02:47:20 (22275 turns).

Hot the Covert (Felid Conjurer)                    Turns: 22275, Time: 02:47:21

Health: -13/42     AC:  4    Str:  4    XL:     11   Next: 34%
Magic:  9/25       EV: 21    Int: 30    God:    Sif Muna [**....]
Gold:   918        SH:  5    Dex: 17    Spells: 6/29 levels left
                                        Lives:  0   Deaths: 3

rFire    . . .     SeeInvis +   (weapon unavailable)
rCold    + . .     Faith    .   (shield unavailable)
rNeg     . . .     Spirit   .   (armour unavailable)
rPois    .         Reflect  +   (helmet unavailable)
rElec    .         Harm     .   (cloak unavailable)
rCorr    .         Rampage  .   (gloves unavailable)
Will     +....                  (boots unavailable)
Stlth    +++++.....             v - amulet of reflection
HPRegen  0.14/turn              b - +6 ring of intelligence
MPRegen  0.19/turn              u - ring of the Octopus King {AC+1 EV+1 Str+1 Int+1 Dex+1 SInv}

@: constricted, quick
A: very small, claws 1, fangs 3, see invisible, speed 1, shaggy fur 3, stealthy
paws, no weapons or thrown items, no armour, multi-lived
a: Renounce Religion, Channel Magic


You were on level 1 of the Snake Pit.
You worshipped Sif Muna.
Sif Muna was pleased with you.
You visited 4 branches of the dungeon, and saw 16 of its levels.

You collected 918 gold pieces.

Inventory:

Jewellery
 b - a +6 ring of intelligence (left paw)
 j - a ring of fire
 n - a ring of ice
 u - a ring of the Octopus King (right paw) {AC+1 EV+1 Str+1 Int+1 Dex+1 SInv}
   (You took it off an orc on level 7 of the Dungeon)

   [ring of see invisible]

   It affects your AC (+1).
   It affects your evasion (+1).
   It affects your strength (+1).
   It affects your intelligence (+1).
   It affects your dexterity (+1).
   It lets you see invisible.
 v - an amulet of reflection (around neck)
 z - a +4 ring of evasion
 B - a +6 ring of dexterity
 F - a ring of flight
Wands
 d - a wand of iceblast (8)
 g - a wand of polymorph (9)
 l - a wand of charming (15)
 p - a wand of paralysis (22)
 y - a wand of acid (4)
 C - a wand of digging (6)
 D - a wand of flame (38)
Scrolls
 a - 3 scrolls of teleportation
 o - 3 scrolls of amnesia {unknown}
 q - a scroll of magic mapping {unknown}
 t - a scroll of silence
 w - a scroll of fear {unknown}
 G - a scroll of immolation
Potions
 c - 2 potions of mutation
 e - a potion of attraction
 h - a potion of heal wounds
 i - 2 potions of invisibility {unknown}
 k - a potion of curing
 m - a potion of flight
 r - a potion of brilliance
 s - a potion of lignification {unknown}
 x - 2 potions of berserk rage {unknown}
 A - 3 potions of haste


   Skills:
 - Level 1.0 Fighting
 + Level 9.4 Dodging
 + Level 10.6 Stealth
 + Level 9.6 Spellcasting
 + Level 9.5 Conjurations
 + Level 10.1 Hexes
 + Level 8.5 Translocations
 + Level 4.8 Fire Magic
 + Level 6.2 Ice Magic
 + Level 3.7 Invocations
 - Level 0.8 Evocations


You had 6 spell levels left.
You knew the following spells:

 Your Spells              Type           Power      Damage    Failure   Level
a - Magic Dart            Conj           100%       1d8       1%          1
b - Searing Ray           Conj           100%       3d7       1%          2
c - Fire Storm            Conj/Fire      27%        8d7       100%        9
d - Metabolic Englaciati  Hex/Ice        29%        N/A       3%          5
e - Iskenderun's Mystic   Conj/Tloc      62%        2d13      1%          4
f - Blink                 Tloc           N/A        N/A       1%          2

Your spell library contained the following spells:

 Spells                   Type           Power      Damage    Failure   Level
 Apportation              Tloc           100%       N/A       1%          1
 Corona                   Hex            73%        N/A       1%          1
 Ensorcelled Hibernation  Hex/Ice        100%       N/A       1%          2
 Slow                     Hex            66%        N/A       1%          2
 Confusing Touch          Hex            66%        N/A       1%          3
 Conjure Flame            Conj/Fire      55%        6-21      1%          3
 Dazzling Flash           Conj/Hex       100%       N/A       1%          3
 Gell's Gravitas          Tloc           30%        N/A       1%          3
 Tukima's Dance           Hex            66%        N/A       1%          3
 Cause Fear               Hex            33%        N/A       1%          4
 Fulminant Prism          Conj/Hex       32%        3d16      1%          4
 Animate Skeleton         Necr           28%        N/A       3%          1
 Sting                    Tmut/Pois      56%        1d5       3%          1
 Summon Small Mammal      Summ           56%        N/A       3%          1
 Mephitic Cloud           Conj/Pois/Air  33%        N/A       3%          3
 Call Imp                 Summ           14%        N/A       5%          2
 Poisonous Vapours        Pois/Air       28%        N/A       5%          2
 Ignite Poison            Fire/Tmut/Pois 24%        N/A       5%          3
 Silence                  Hex/Air        22%        N/A       13%         5
 Yara's Violent Unravell  Hex/Tmut       22%        3d10      13%         5
 Olgreb's Toxic Radiance  Pois           14%        N/A       34%         4
 Petrify                  Tmut/Erth      14%        N/A       34%         4
 Discord                  Hex            33%        N/A       98%         8
 Chain Lightning          Conj/Air       21%        N/A       100%        8
 Lehudib's Crystal Spear  Conj/Erth      21%        10d6      100%        8
 Absolute Zero            Ice            25%        ∞         100%        9


Dungeon Overview and Level Annotations

Branches:
Dungeon (11/15)            Temple (1/1) D:7            Lair (3/6) D:11
  Swamp (0/4) Lair:3        Snake (1/4) Lair:3
    Orc: D:9-12

Altars:
Ashenzari
Cheibriados
Dithmenos
Elyvilon
Fedhas
Gozag
Hepliaklqana
Kikubaaqudgha
Makhleb
Nemelex Xobeh
Okawaru
Qazlal
Ru
Sif Muna
Trog
Uskayaw
Vehumet
Wu Jian
Xom
Yredelemnul
Zin
The Shining One

Shops:
D:6 =   D:9 [

Portals:
Abyss: D:7
Trove: D:11 (give 7 scrolls of fog)

Annotations:
D:4 exclusion: oklob plant
Lair:3 exclusion: 2 oklob plants


Innate Abilities, Weirdness & Mutations

You have sharp claws.
You have razor-sharp teeth.
You have supernaturally acute eyesight. (SInv)
You cover ground quickly. (Speed+)
Your thick and shaggy fur keeps you warm. (AC +3, rC+)
Your stealthy paws help you sneak and pounce on unaware monsters.
You are incapable of wielding weapons or throwing items.
You cannot wear armour.
You gain extra lives every three experience levels.


Message History

You blink.
A black mamba and a guardian serpent come into view.
The black mamba hisses angrily.
The naga shouts!
The naga warrior shouts!
The mana viper hisses angrily.
The shock serpent hisses angrily.
The guardian serpent shouts!
The shock serpent hisses angrily.
You hear an angry hiss. x2
Found 23 sling bullets and 11 poisoned darts.
Found two escape hatches in the floor.
Found a stone staircase leading down.
Casting: Blink (safe; 1% risk of failure)
Confirm with . or Enter, or press ? or * to list all spells.
You blink.
The black mamba hisses angrily.
The naga warrior shouts!
A shock serpent comes into view.
The naga shouts!
The guardian serpent misses you.
Casting: Blink (safe; 1% risk of failure)
Confirm with . or Enter, or press ? or * to list all spells.
You blink.
You block the shock serpent's attack. The shock serpent bites you.
The shock serpent shocks you!
* * * LOW HITPOINT WARNING * * *
Casting: Blink (safe; 1% risk of failure)
Confirm with . or Enter, or press ? or * to list all spells.
You blink.
Splash!
You fall into the shallow water.
Moving in this stuff is going to be slow.
The shock serpent hisses angrily.
The naga shouts! x2
The naga ritualist shouts!
The salamander mystic points at the naga warrior and mumbles some strange words.
The naga warrior seems to speed up.
Found a ring mail.
Casting: Blink (safe; 1% risk of failure)
Confirm with . or Enter, or press ? or * to list all spells.
You blink.
The naga warrior completely misses you. The naga warrior grabs you.
* * * LOW HITPOINT WARNING * * *
The naga warrior constricts you.
The guardian serpent coils itself and waves its upper body at you.
The shock serpent blinks!
The black mamba blinks!
The naga blinks!
The shock serpent blinks!
The shock serpent bites you!
You die...

##..# #S.# ###..#
######....#
#.......^##
####...#....#
#######.......S.#.#
.......§.§.SSNN...#
.##.#.N...S8S@N...###
#.# #...8...NS8.....#
.....#.....S≈>S......#
#.....S>≈≈§<......#
#..(...8§S≈8≈≈.8...##
###......>≈≈≈>.....#
##....S.>≈...§..##
##..(8.....8...#
#...N..8....[N#


You could see 2 naga warriors, a salamander mystic, an anaconda, 3 shock
serpents, 2 mana vipers, a guardian serpent, 5 black mambas and 2 nagas.

Vanquished Creatures
  3 death yaks (D:11)
  Erica (D:8)
  A two-headed ogre (D:10)
  Pikel (D:4)
  The ghost of EldarEldrad the Cleaver, a novice MiBe of Trog (D:7)
  A salamander (Snake:1)
  4 black mambas
  3 cane toads
  5 komodo dragons
  A rime drake (Lair:2)
  A tyrant leech (Lair:3)
  A hornet (D:8)
  5 blink frogs (Lair:3)
  4 polar bears
  A shadow (D:11)
  2 wraiths (D:10)
  36 yaks
  The ghost of manon the Covert, an amateur SpEn (D:6)
  3 basilisks
  A wyvern (Lair:3)
  2 steam dragons
  10 vampire mosquitoes
  5 nagas
  5 water moccasins
  An ice beast (D:6)
  An acid dragon (D:9)
  A swamp drake (D:10)
  An orc warrior (D:7)
  A sky beast (D:7)
  3 black bears
  10 centaurs
  5 wolves (Lair:3)
  4 ogres
  A phantom (D:7)
  A kobold brigand (D:8)
  2 scorpions (D:5)
  A wyvern zombie (D:6)
  5 bullfrogs
  A small abomination (D:7)
  3 killer bees (D:9)
  3 wights (D:6)
  3 howler monkeys (D:7)
  A vampire bat (D:6)
  2 bullfrog zombies
  6 centaur zombies
  A jelly (D:4)
  2 hounds
  2 orc priests
  A gnoll shaman (D:9)
  A centaur skeleton (D:7)
  An iron imp (D:7)
  9 orc wizards
  3 hell rats (D:11)
  5 iguanas
  Natasha (thrice) (D:2)
  A killer bee zombie (D:6)
  A hound zombie (D:5)
  2 howler monkey zombies
  8 gnolls
  8 adders
  3 white imps
  4 ufetubi
  2 worms (D:2)
  5 dart slugs
  22 orcs
  10 ball pythons
  11 bats
  4 endoplasms
  4 giant cockroaches (D:1)
  4 goblins
  4 hobgoblins
  8 jackals
  22 kobolds
  3 quokkas
  2 frilled lizards
  13 rats
323 creatures vanquished.

Vanquished Creatures (others)
  A human (D:5)
  6 fungi
  34 plants
41 creatures vanquished.

Grand Total: 364 creatures vanquished

Notes
Turn   | Place    | Note
-------+----------+-------------------------------------------
     0 | D:1      | Hot the Felid Conjurer began the quest for the Orb.
     0 | D:1      | Reached XP level 1. HP: 7/7 MP: 4/4
   183 | D:1      | Reached XP level 2. HP: 11/11 MP: 1/6
   255 | D:1      | Learned a level 2 spell: Searing Ray
   744 | D:1      | Reached XP level 3. HP: 14/14 MP: 3/7
  1304 | D:2      | Found an iron altar of Okawaru.
  1376 | D:2      | Reached XP level 4. HP: 18/18 MP: 0/8
  1447 | D:2      | Noticed Natasha
  1454 | D:2      | Killed Natasha
  1599 | D:2      | Noticed Natasha
  1619 | D:2      | Killed Natasha
  1739 | D:2      | Reached XP level 5. HP: 21/21 MP: 6/10
  1745 | D:2      | Learned a level 5 spell: Metabolic Englaciation
  1746 | D:2      | Killed by miscasting Metabolic Englaciation
  1747 | D:2      | Reached XP level 4. HP: -1/18 MP: 2/9
  1863 | D:2      | Noticed Natasha
  1876 | D:2      | Killed Natasha
  1877 | D:2      | Reached skill level 5 in Conjurations
  2353 | D:2      | Found a large runed translucent door.
  2353 | D:2      | Found a large runed translucent door.
  2420 | D:2      | Found a sparkling altar of Nemelex Xobeh.
  2588 | D:2      | Found a shimmering altar of Xom.
  2888 | D:3      | Reached skill level 1 in Hexes
  3286 | D:3      | Reached XP level 5. HP: 21/21 MP: 3/10
  3390 | D:3      | You fall into a shaft and drop 2 floors!
  3390 | D:5      | Entered Level 5 of the Dungeon
  3416 | D:5      | Found an ancient bone altar of Kikubaaqudgha.
  3418 | D:5      | Noticed a human
  3419 | D:5      | Killed a human
  3433 | D:5      | Noticed an ogre
  3467 | D:5      | Reached skill level 1 in Ice Magic
  3483 | D:5      | Noticed a centaur
  3629 | D:5      | Noticed an ogre
  3758 | D:5      | Killed an ogre
  3759 | D:5      | Gained mutation: You are covered in thick fur. (AC +2)
                  | [Felid growth]
  3759 | D:5      | Reached XP level 6. HP: 24/24 MP: 5/12
  4408 | D:4      | Reached XP level 7. HP: 21/27 MP: 8/13
  4615 | D:4      | Found a blossoming altar of Fedhas.
  4638 | D:4      | Noticed an oklob plant
  5278 | D:4      | Noticed Pikel
  5338 | D:4      | Killed Pikel
  5339 | D:4      | Reached skill level 5 in Dodging
  5339 | D:4      | Reached skill level 5 in Stealth
  6316 | D:5      | Reached XP level 8. HP: 31/31 MP: 8/15
  6762 | D:5      | Learned a level 4 spell: Iskenderun's Mystic Blast
  6917 | D:5      | Found a snail-covered altar of Cheibriados.
  7009 | D:5      | Reached skill level 5 in Hexes
  7785 | D:6      | Found a sacrificial altar of Ru.
  7786 | D:6      | Found a hazy altar of Hepliaklqana.
  7792 | D:6      | Reached skill level 5 in Spellcasting
  7999 | D:6      | Learned a level 2 spell: Blink
  8246 | D:6      | Found a snail-covered altar of Cheibriados.
  8384 | D:5      | Identified a scroll of acquirement
  8384 | D:5      | Acquired a book of Annihilations
  9085 | D:6      | Found Joggudwugh's Jewellery Shoppe.
  9138 | D:6      | Found an iron altar of Okawaru.
  9143 | D:6      | Found a runed translucent gate.
  9143 | D:6      | Found a runed translucent gate.
  9143 | D:6      | Found a runed translucent gate.
  9143 | D:6      | Noticed manon's ghost (amateur SpEn)
  9162 | D:6      | Reached XP level 9. HP: 34/34 MP: 12/18
  9168 | D:6      | Found a basalt altar of Yredelemnul.
  9470 | D:6      | Killed manon's ghost
  9471 | D:6      | Reached skill level 1 in Translocations
  9641 | D:7      | Noticed a +0 hand axe
  9641 | D:7      | Noticed a +0 hand axe
  9645 | D:7      | Found a hide-covered altar of Uskayaw.
  9763 | D:7      | Found a transporter.
  9771 | D:7      | Found a transporter.
  9783 | D:7      | Found a staircase to the Ecumenical Temple.
 10033 | D:7      | Found the ring of the Octopus King {AC+1 EV+1 Str+1 Int+1
                  | Dex+1 SInv}
 11046 | D:7      | Found a one-way gate to the infinite horrors of the Abyss.
 11046 | D:7      | Noticed EldarEldrad's ghost (novice MiBe)
 11115 | D:7      | Killed EldarEldrad's ghost
 11493 | D:8      | Noticed Erica
 12129 | D:8      | Killed Erica
 12130 | D:8      | Reached skill level 1 in Fighting
 12130 | D:8      | Reached XP level 10. HP: 27/39 MP: 8/23
 12773 | D:9      | Learned a level 9 spell: Fire Storm
 13436 | D:9      | Found Juetzab's Antique Armour Boutique.
 14017 | Temple   | Entered the Ecumenical Temple
 14135 | Temple   | Became a worshipper of Sif Muna the Loreminder
 14234 | D:10     | Entered Level 10 of the Dungeon
 14378 | D:10     | Reached skill level 1 in Fire Magic
 14562 | D:10     | Noticed a two-headed ogre
 14570 | D:10     | Killed a two-headed ogre
 14944 | D:10     | Reached skill level 5 in Translocations
 15017 | D:10     | Reached XP level 11. HP: 13/42 MP: 0/24
 16104 | D:11     | Found a portal to a secret trove of treasure.
 16140 | D:11     | Reached * piety under Sif Muna
 16356 | D:11     | Noticed a death yak
 16384 | D:11     | Noticed a death yak
 16385 | D:11     | Noticed a death yak
 16647 | D:11     | Found a staircase to the Lair.
 16715 | D:11     | Slain by a death yak
 16716 | D:11     | Reached XP level 10. HP: 0/39 MP: 15/23
 16843 | D:11     | Killed a death yak
 16844 | D:11     | Reached skill level 5 in Ice Magic
 16956 | D:11     | Killed a death yak
 17108 | D:11     | Killed a death yak
 17814 | Lair:1   | Entered Level 1 of the Lair of Beasts
 17944 | Lair:1   | Reached skill level 1 in Invocations
 18052 | Lair:1   | Noticed a cane toad
 18057 | Lair:1   | Killed a cane toad
 18058 | Lair:1   | Reached XP level 11. HP: 42/42 MP: 13/25
 20380 | Lair:3   | Reached skill level 10 in Stealth
 20734 | Lair:3   | Gained mutation: Your thick and shaggy fur keeps you warm.
                  | (AC +3, rC+) [Felid growth]
 20734 | Lair:3   | Reached XP level 12. HP: 45/45 MP: 9/26
 20910 | Lair:3   | Found a staircase to the Snake Pit.
 21065 | Lair:3   | Reached ** piety under Sif Muna
 21443 | Lair:3   | Found a staircase to the Swamp.
 22106 | Snake:1  | Entered Level 1 of the Snake Pit
 22106 | Snake:1  | Noticed a naga warrior
 22106 | Snake:1  | Noticed a naga warrior
 22108 | Snake:1  | Noticed a naga warrior
 22114 | Snake:1  | Noticed a naga warrior
 22139 | Snake:1  | Reached skill level 10 in Hexes
 22155 | Snake:1  | Noticed an anaconda
 22165 | Snake:1  | Slain by a black mamba
 22166 | Snake:1  | Reached XP level 11. HP: -3/42 MP: 2/25
 22217 | Snake:1  | Noticed an anaconda
 22272 | Snake:1  | Noticed a shock serpent
 22275 | Snake:1  | Mangled by a shock serpent

Illustrated notes

Levels and vault maps discovered:
D:1:      evilmike_arrival_plus, layout_rooms, lexackson_kobold_supper
D:2:      due_chaos_kobolds, layout_loops_ring, lemuel_coloured_pillars_altar,
          kennysheep_okawaru_gauntlet, uniq_natasha
D:3:      layout_loops_ring
D:4:      layout_loops_corners, tgw_fedhas, uniq_pikel
D:5:      minmay_general_purpose_star, layout_basic, basic_altar,
          small_statue_intersection, skrybe_limestone_x, tgw_kikubaaqudgha
D:6:      layout_rooms, general_overflow_altar,
          nicolae_yredelemnul_ghost_church,
          chequers_temple_overflow_statue_of_worship, serial_shops, shop_statue,
          roderic_batcave, hangedman_abyss_or_decor_passed,
          kennysheep_slug_shrine
D:7:      layout_layer_cave, dancing_weapons_uskayaw, minmay_temple_entry_trees,
          gammafunk_ghost_abyssal_escape
D:8:      layout_loops_ring, uniq_erica
D:9:      layout_small_grid, serial_shops, nicolae_shop_overgrown_old_shop
D:10:     layout_irregular_city, grunt_decor_resistance,
          hangedman_abyss_or_decor_lesser_grid, minivault_10, pond
D:11:     layout_irregular_city, dpeg_lair_monsters,
          nicolae_trove_entry_isolated
Temple:   lightli_temple_of_artemis
Lair:1:   layout_roguey
Lair:2:   wander_river, layout_long_grid, grunt_megastairs_3,
          infiniplex_staircase_pool
Lair:3:   dpeg_oklob_gauntlet, layout_gridlike, minmay_swamp_entry_worms,
          minmay_snake_entry_guardpost_small, lemuel_fruit_fields,
          lemuel_fruit_tree
Snake:1:  layout_misc_corridors, st_stairs_14, evilmike_ambush
          [evilmike_ambush_outer_basic, evilmike_ambush_inner_pond],
          grunt_megastairs_2, uniq_asterion

Skill      XL: |  1  2  3  4  5  6  7  8  9 10 11 12 |
---------------+-------------------------------------+-----
Conjurations   | 4 5 6 8 9 |  9.5
Stealth        | 3 4 5 6 7 9 10 | 10.6
Dodging        | 3 4 5 6 8 9 |  9.4
Spellcasting   | 3 4 5 8 9 |  9.6
Hexes          | 1 2 3 4 5 6 7 9 10 | 10.1
Ice Magic      | 1 2 3 5 6 |  6.2
Translocations | 3 5 8 |  8.5
Fighting       | 1 |  1.0
Fire Magic     | 3 4 |  4.8
Invocations    | 1 3 |  3.7
Evocations     | |  0.8

Action                   |  1- 3 |  4- 6 |  7- 9 | 10-12 || total
-------------------------+-------+-------+-------+-------++-------
Melee: Unarmed           |       |       |       |     8 ||     8
 Cast: Magic Dart        |    82 |    70 |   142 |    78 ||   372
       Searing Ray       |     4 |    19 |    39 |   125 ||   187
       Iskenderun's Myst |       |       |    15 |    80 ||    95
       Metabolic Englaci |       |       |    10 |    18 ||    28
       Blink             |       |       |     4 |    25 ||    29
Invok: Channel Magic     |       |       |       |    11 ||    11
Evoke: Wand              |       |       |     5 |    20 ||    25
  Use: Scroll            |     1 |     3 |     7 |    11 ||    22
       Potion            |       |       |     1 |     4 ||     5
Armor: Skin              |     1 |     1 |     3 |     8 ||    13
Dodge: Dodged            |     5 |     9 |    54 |   202 ||   270
Block: Other             |       |       |     2 |    60 ||    62
       Reflection        |       |       |       |     7 ||     7

Table legend: (Time is in decaauts)
 A = Elapsed time spent in this place.
 B = Non-inter-level travel time spent in this place.
 C = Inter-level travel time spent in this place.
 D = Time resting spent in this place.
 E = Time spent auto-exploring this place.
 F = Levels seen in this place.
 G = Mean time per level.
                   A        B        C        D        E       F      G
               +--------+--------+--------+--------+--------+-----+--------+
         Total |  19753 |  19284 |    469 |      0 |  15253 |  16 | 1234.6 |
       Dungeon |  15680 |  15309 |    371 |      0 |  12096 |  11 | 1425.5 |
        Temple |    102 |     95 |      7 |      0 |     80 |   1 |  102.0 |
          Lair |   3825 |   3735 |     90 |      0 |   3077 |   3 | 1275.0 |
     Snake Pit |    145 |    145 |      0 |      0 |      0 |   1 |  145.0 |
               +--------+--------+--------+--------+--------+-----+--------+

Top non-repeatable levels by time:
     D:5: 1818 daAuts
     D:6: 1683 daAuts
     D:4: 1651 daAuts
  Lair:3: 1612 daAuts
     D:7: 1602 daAuts
    D:10: 1576 daAuts
    D:11: 1568 daAuts
     D:2: 1553 daAuts
  Lair:2: 1362 daAuts
     D:8: 1278 daAuts
     D:9: 1116 daAuts
     D:1: 983 daAuts
  Lair:1: 850 daAuts
     D:3: 848 daAuts
 Snake:1: 145 daAuts
